Map: Ruins of Endion

Players

Hades - Winner!

  • Race: Terran Terran
  • League: Grandmaster

Miszu

  • Race: Terran Terran
  • League: Master

VOD

Have the link to the VOD?

Description

Time

  • Played on: April 13, 2016, 1:42 p.m.
  • Length: 5:04
Show
View Real Time Build Order
Export as new Build Order

Hades Terran - Winner!

Build Orders: 1/1/1 

Get SALT Encoding   

  12  0:02  SCV  
  13  0:14  SCV  
  13  0:18  Supply Depot  
  14  0:26  SCV  
  15  0:30  Refinery  
  15  0:40  SCV  
  16  0:45  Barracks  
  16  0:52  SCV  
  16  0:55  Refinery  
  17  1:04  SCV  
  18  1:16  SCV  
  19  1:32  Factory, Orbital Command  
  19  1:37  Barracks Reactor  
  19  1:47  Supply Depot  
  19  1:58  SCV  
  20  2:10  SCV  
  20  2:15  Marine x2  
  23  2:17  Starport  
  23  2:18  Factory Tech Lab  
  24  2:34  Supply Depot  
  24  2:37  Marine, Siege Tank  
  26  2:39  Marine  
  26  2:42  SCV  
  29  2:55  Marine, Medivac  
  29  2:57  Marine  
  33  3:03  Supply Depot  
  33  3:04  SCV  
  34  3:13  Marine  
  34  3:15  Marine  
  36  3:28  Viking  
  36  3:30  Siege Tank  
  36  3:31  Marine  
  42  3:42  Supply Depot  
  42  4:02  Siege Tank  
  30  4:15  Marine  
  30  4:16  SCV  
  18  4:30  SCV  
  13  4:42  SCV  
Show
View Real Time Build Order
Export as new Build Order

Miszu Terran 

Build Orders: 1/1/1 

Get SALT Encoding   

  12  0:01  SCV  
  13  0:13  SCV  
  14  0:18  Supply Depot  
  14  0:25  SCV  
  15  0:37  Refinery  
  15  0:39  SCV  
  16  0:45  Barracks  
  16  0:51  SCV  
  17  1:03  SCV  
  18  1:15  SCV  
  19  1:32  Orbital Command  
  19  1:33  Marine  
  19  1:38  Factory  
  20  1:46  Supply Depot  
  20  1:50  Marine  
  21  1:58  SCV  
  22  2:08  Marine  
  22  2:10  SCV  
  25  2:22  SCV  
  25  2:23  Hellion  
  25  2:24  Starport  
  25  2:26  Supply Depot, Marine  
  28  2:35  SCV  
  28  2:37  Refinery  
  29  2:44  Hellion  
  29  2:47  Marine  
  29  2:51  Supply Depot, SCV  
  33  3:04  Medivac  
  35  3:06  Marine, Hellion  
  35  3:09  SCV  
  39  3:14  Supply Depot  
  39  3:18  Engineering Bay  
  39  3:25  Barracks Reactor  
  39  3:27  Factory Tech Lab  
  39  3:30  SCV  
  40  3:40  Viking  
  42  3:42  SCV  
  42  3:45  Missile Turret  
  43  3:51  Siege Tank  
  36  4:14  Marine x2, SCV  
  28  4:26  SCV  
  28  4:30  Siege Tank  
  28  4:31  Orbital Command  
Tags
 
Add a new tag
Caveats
  • Supply blocks, unpowered buildings, or Contaminate may cause inaccurate times.
  • Supply counts are checked every 10 seconds.